[Event "NY Presidents Day IM-B 2024"]
[Site "New York"]
[Date "2024.02.18"]
[Round "6.1"]
[White "Rajesh, C.S."]
[Black "Xu, Grant"]
[Result "1/2-1/2"]
[ECO "A21"]
[WhiteElo "2218"]
[BlackElo "2313"]
[Annotator "TA"]
[PlyCount "185"]
[EventDate "2024.02.14"]
[EventType "schev"]
[EventCountry "USA"]
[SourceTitle "playchess.com"]
[Source "ChessBase"]
[SourceQuality "1"]
[TimeControl "5400+30"]

1. Nf3 f5 2. c4 Nf6 3. Nc3 g6 4. g3 Bg7 5. Bg2 O-O 6. O-O d6 7. Rb1 e5 8. d3 a5 9. a3 h6 10. b4 axb4 11. axb4 Be6 12. b5 c6 13. Qb3 Nbd7 {[%emt 0:01:05] Die Stellung ist ausgeglichen.} 14. Ba3 Qc7 15. Rfc1 Rfb8 16. Nd2 Bf8 17. Ra1 g5 18. Qd1 (18. Nd5 $5 Qc8 (18... cxd5 19. cxd5 Nc5 20. Bxc5 $16) 19. Qb1 $14) 18... Rc8 19. Bb4 Rxa1 20. Rxa1 d5 21. Bxf8 Kxf8 22. Rc1 (22. Ra7 $142) 22... dxc4 23. bxc6 bxc6 24. Nxc4 Bxc4 25. dxc4 e4 26. Qd4 (26. Ra1 {hält die Spannung aufrecht.} Kf7 27. Qd4 Qb6 28. Qd6) 26... Qe5 27. Qxe5 Nxe5 28. Bh3 g4 (28... Nxc4 29. Bxf5 Re8 30. Na4 $16 (30. Nxe4 Nxe4 31. Rxc4 Nd6 $14)) 29. Bg2 Rd8 (29... Nxc4 $6 30. Nxe4 fxe4 31. Rxc4 $16) 30. h3 h5 ({Ein No Go ist} 30... Nxc4 $6 31. hxg4 (31. Nxe4 fxe4 32. Rxc4 Rd1+ 33. Kh2 Rd2 $11) 31... e3 (31... Nxg4 32. Nxe4 Nb2 33. Nc3 $16) 32. gxf5 $16 (32. Bxc6 exf2+ 33. Kxf2 Nxg4+ 34. Kg1 Nce3 $11)) 31. hxg4 ({Günstiger ist} 31. Nd1 $1 $15) 31... hxg4 $17 32. Nd1 {[%emt 0:00:49] [#]} Nxc4 33. Bf1 (33. Kh2 $1 $15) 33... Ke7 34. Rxc4 Rxd1 35. Rxc6 {[%emt 0:00:01][%mdl 4096] Endspiel. [#] KRB-KRN} e3 $1 {[%emt 0:00:00][%mdl 512] ...Ne4 ist eine echte Drohung.} 36. Rc4 (36. Rc7+ Ke6) 36... Ne4 37. Rxe4+ fxe4 38. fxe3 {[%emt 0:00:05] KR-KB} Kd6 39. Kf2 Kd5 40. Bg2 Ra1 41. Bf1 Ra7 42. Bg2 Rf7+ 43. Kg1 Rf8 44. Bh1 Re8 45. Kf2 Kc4 46. Ke1 Kc3 47. Bg2 Kc4 ({Vorzuziehen ist} 47... Re5 $17 48. Bh1 Re8) 48. Kf2 (48. Bh1 $1 $11 {war der einzige Weg, das Gleichgewicht zu halten.}) 48... Re6 49. Ke1 Kd5 50. Kf2 Ra6 51. Bh1 Ra4 52. Bg2 Rc4 53. Ke1 Kc5 54. Kd2 Kb4 55. Bh1 Kb3 56. Bg2 Ra4 57. Ke1 (57. Bh1 $17) 57... Kc2 $19 58. Kf1 Kd2 59. Kf2 Rb4 60. Bh1 Kd1 61. Kf1 Ra4 62. Bg2 Kd2 63. Kf2 Ra3 $2 ({Besser ist} 63... Ra8 $19 {( -> ...Rf8+)} 64. Bxe4 Rf8+ 65. Kg1 Kxe2 (65... Kxe3 66. Bc6 $17)) 64. Bxe4 $11 Rxe3 65. Bf5 $1 Rxe2+ 66. Kg1 Re5 67. Bxg4 Rg5 68. Be6 Rxg3+ 69. Kf2 Rg6 70. Bd5 Rf6+ 71. Kg3 Ke3 72. Kg4 Rd6 73. Bb7 Rd7 74. Bc6 Rf7 75. Bd5 Rf1 76. Bc6 Kd4 77. Bb7 Ke5 78. Bc6 Rg1+ 79. Kf3 Rc1 80. Be8 Rc8 81. Bd7 Rc7 82. Be8 Re7 83. Bc6 Rf7+ 84. Kg4 Rf4+ 85. Kg3 Kf5 86. Bd7+ Kg5 {[%emt 0:00:02] Schwarz hat minimalen Vorteil.} 87. Bc6 Rc4 88. Bd5 Rc5 89. Bb7 Rc3+ 90. Kf2 Kf4 91. Ke2 Rb3 92. Bc6 Ra3 93. Bb7 {[%emt 0:00:10] Schwarz hatte alle Gewinnchancen.   Gewichteter Fehlerwert: Weiß=0.17 (sehr präzise) /Schwarz=0.07 (makellos) .  Gewinn verpasst:   	---       	Schwarz=1     Fehler:       	Weiß=5     	Schwarz=2     Ungenau:       	Weiß=1     	Schwarz=2     OK:         	Weiß=23    	Schwarz=33    Bester:       	Weiß=12    	Schwarz=2     Stark:        	Weiß=1     	---        Brilliant:      	---       	Schwarz=1} 1/2-1/2

[Event "NY Presidents Day IM-B 2024"]
[Site "New York"]
[Date "2024.02.18"]
[Round "6.2"]
[White "Sun, Ryan"]
[Black "Poliannikov, Danila"]
[Result "1-0"]
[ECO "C54"]
[WhiteElo "2217"]
[BlackElo "2282"]
[Annotator "TA"]
[PlyCount "61"]
[EventDate "2024.02.14"]
[EventType "schev"]
[EventCountry "USA"]
[SourceTitle "playchess.com"]
[Source "ChessBase"]
[SourceQuality "1"]
[TimeControl "5400+30"]

1. e4 e5 2. Nf3 Nc6 3. Bc4 Bc5 4. O-O Nf6 5. d3 O-O 6. Re1 d6 7. c3 Bb6 8. h3 h6 9. Nbd2 Ne7 {[%emt 0:00:49] Die Stellung ist ausgeglichen.} 10. Bb3 c6 11. Nf1 Ng6 12. Ng3 Re8 13. d4 Qc7 14. Bc2 Be6 15. Be3 Rad8 16. a4 a5 17. Qe2 Bc8 18. Rad1 Be6 19. Kh1 Kh8 20. Qf1 Kg8 21. c4 exd4 22. Nxd4 ({Viel schlechter ist} 22. Bxd4 Ne5 $11) 22... Bc5 23. f4 {[%emt 0:06:11] Nxe6 ist eine echte Drohung.} Bc8 24. Qd3 (24. b3 $14) 24... Bb4 (24... Qb6 $11 {bleibt in der Remisbreite.}) 25. Rf1 $16 Qe7 {[%emt 0:12:03] [#]} ({Besser ist} 25... Bc5 $14) 26. Bc1 ({Günstiger ist} 26. Ndf5 $1 $18 Bxf5 27. Nxf5) 26... Qc7 27. b3 Ne5 {[%emt 0:02:16] Das kostet Schwarz die Partie.} 28. Qe2 Ned7 (28... Ng6 $142 29. Bb2 d5) 29. Ndf5 $18 d5 30. e5 ({Bloß nicht} 30. cxd5 cxd5 31. e5 Nf8 $18) 30... Nc5 $2 {[%emt 0:00:44] [#]} (30... Nxe5 31. fxe5 Qxe5) 31. Nxg7 $1 {[%emt 0:00:43][%mdl 512] Gewichteter Fehlerwert: Weiß=0.12 (sehr präzise) /Schwarz=0.37.  Fehler:       	Weiß=2     	Schwarz=5     Ungenau:       	---       	Schwarz=1     OK:         	Weiß=10    	Schwarz=5     Bester:       	Weiß=2     	---        Brilliant:      	Weiß=1     	---} 1-0

[Event "NY Presidents Day IM-B 2024"]
[Site "New York"]
[Date "2024.02.18"]
[Round "6.3"]
[White "Lee, Megan"]
[Black "Wongso, Steve"]
[Result "1-0"]
[ECO "C74"]
[WhiteElo "2267"]
[BlackElo "2229"]
[Annotator "TA"]
[PlyCount "58"]
[EventDate "2024.02.14"]
[EventType "schev"]
[EventCountry "USA"]
[SourceTitle "playchess.com"]
[Source "ChessBase"]
[SourceQuality "1"]
[TimeControl "5400+30"]

1. e4 e5 2. Nf3 Nc6 3. Bb5 a6 4. Ba4 d6 5. c3 f5 6. d4 fxe4 7. Nxe5 Nge7 (7... dxe5 $11 {hält das Gleichgewicht.} 8. Qh5+ Ke7 9. Bxc6 bxc6 10. Qg5+ Ke8 11. Qh5+ Ke7 12. Qg5+ Ke8 13. Qh5+ Ke7) 8. Nxc6 $16 bxc6 (8... Nxc6 $16 9. Qh5+ g6) 9. Bg5 {[%emt 0:00:40] Weiß steht deutlich besser.} Bd7 10. O-O Qb8 11. Nd2 d5 12. Rb1 Ng6 (12... Nf5 {war einen Versuch wert.}) 13. f3 e3 14. Qe2 (14. Bxe3 $6 Bd6 15. Nb3 Qb6 $18) 14... Bd6 {[%emt 0:00:37] Pariert f4.} 15. Qxe3+ Kf7 16. f4 {[%emt 0:04:16] Und jetzt f5 wäre schön.} h6 {[%emt 0:02:39] [#]} (16... Re8 $142 17. Qf3 Rf8) 17. f5 $1 $18 Bxh2+ 18. Kxh2 hxg5+ 19. Kg1 Nh4 {[%emt 0:02:38] [#]} 20. Bxc6 $1 Bxc6 21. Qe6+ ({Lieber nicht} 21. Qxg5 Qd8 22. Qxd8 Raxd8 $11) 21... Kf8 22. Qxc6 {[%emt 0:02:07] Weiß steht klar auf Gewinn.} Qe8 23. Qc5+ ({Finger weg von} 23. Qxc7 Qe3+ 24. Rf2 Re8) 23... Kg8 (23... Qe7 $142 24. Qxe7+ (24. Qxd5 Rd8 $18) 24... Kxe7) 24. Qxd5+ Kh7 25. Ne4 c6 26. Nxg5+ Kh6 27. Nf7+ Kh5 28. Qe6 {[%emt 0:00:38] Weiss droht Rf4 und Matt.} Qxe6 29. fxe6 g6 {[%emt 0:00:20] Schwarz wurde aus der Eröffnung heraus überspielt.   Gewichteter Fehlerwert: Weiß=0.19 (sehr präzise) /Schwarz=0.56.  Fehler:       	---       	Schwarz=5     Ungenau:       	Weiß=1     	Schwarz=1     OK:         	Weiß=11    	Schwarz=3     Bester:       	Weiß=1     	Schwarz=2     Stark:        	Weiß=1     	---} 1-0

[Event "NY Presidents Day IM-B 2024"]
[Site "New York"]
[Date "2024.02.18"]
[Round "6.4"]
[White "Jimenez Fraga, Pedro Alejandro"]
[Black "Tanenbaum, Zachary"]
[Result "0-1"]
[ECO "C45"]
[WhiteElo "2447"]
[BlackElo "2272"]
[Annotator "TA"]
[PlyCount "102"]
[EventDate "2024.02.14"]
[EventType "schev"]
[EventCountry "USA"]
[SourceTitle "playchess.com"]
[Source "ChessBase"]
[SourceQuality "1"]
[TimeControl "5400+30"]

1. e4 e5 2. Nf3 Nc6 3. d4 exd4 4. Nxd4 Bc5 5. Be3 Qf6 6. c3 Nge7 7. Bc4 Ne5 8. Be2 Qg6 9. O-O d6 10. f3 d5 11. Nd2 O-O 12. Kh1 N5c6 13. Qe1 Bb6 14. Qf2 Bd7 {[%emt 0:10:20] The position is equal.} 15. c4 Nxd4 16. Bxd4 Bxd4 17. Qxd4 Nc6 18. Qf2 (18. Qxd5 Rfd8 19. Qc5 Bh3 20. gxh3 Rxd2 $17) 18... dxe4 19. Nxe4 Bf5 20. Nc5 Rad8 21. Rfd1 {[%emt 0:00:47] Wards off Rd2} Qf6 22. Bf1 b6 23. Na6 {[%emt 0:01:02] White is weak on the dark squares} Qe5 24. Re1 Qd4 25. Qxd4 Nxd4 26. Re7 (26. Nxc7 $2 {too greedy.} Nc2 27. Nd5 Nxe1 28. Rxe1 Be6 29. Ne7+ Kh8 $19) 26... c5 27. Rae1 Nc6 28. Rc7 Rd6 29. a3 Bc8 30. b4 $1 Bxa6 31. b5 Bxb5 32. cxb5 Na5 33. Ree7 g6 (33... Rd1 $5 34. Kg1 $8 c4 $11) 34. Kg1 Rf6 35. Red7 Re8 36. Kf2 {[%emt 0:00:11] Inhibits Re3.} Kg7 37. Rxa7 Ree6 38. Bd3 Rd6 39. Be4 Rxd7 40. Rxd7 $11 {[%emt 0:00:01][%mdl 4096] Endgame. KRB-KRN} Nc4 41. a4 Kf8 42. h4 h5 43. Kg3 Ke8 44. Rb7 Na5 45. Ra7 Rd6 46. Kf4 Kf8 47. g4 hxg4 48. fxg4 Rd4 49. Ke5 $2 (49. h5 $11 {and White stays safe.}) 49... Nc4+ $19 50. Kf6 {[%emt 0:00:47] [#] White threatens Ra8+ and mate.} Rxe4 51. Rxf7+ Ke8 {[%emt 0:00:09] Weighted Error Value: White=0.24 (precise) /Black=0.02 (flawless) .  Loses game:     	White=1     	---        OK:         	White=17    	Black=17     Best:        	White=2     	Black=3      Strong:       	White=1     	---} 0-1

[Event "NY Presidents Day IM-B 2024"]
[Site "New York"]
[Date "2024.02.18"]
[Round "6.5"]
[White "Bortnyk, Mykola"]
[Black "Pang, Qi"]
[Result "1-0"]
[ECO "C77"]
[WhiteElo "2421"]
[BlackElo "2148"]
[Annotator "TA"]
[PlyCount "121"]
[EventDate "2024.02.14"]
[EventType "schev"]
[EventCountry "USA"]
[SourceTitle "playchess.com"]
[Source "ChessBase"]
[SourceQuality "1"]
[TimeControl "5400+30"]

1. e4 e5 2. Nf3 Nc6 3. Bb5 a6 4. Ba4 Nf6 5. d3 d6 6. c4 Be7 7. h3 O-O 8. Be3 Bd7 9. Nc3 Re8 10. O-O Bf8 11. Rc1 Rc8 12. Re1 h6 13. a3 Nb8 14. b4 Bxa4 15. Qxa4 c6 16. d4 exd4 17. Bxd4 Nbd7 18. Rcd1 Qc7 19. Qc2 b5 20. Qb3 bxc4 21. Qxc4 Nxe4 ({Better is} 21... a5 $11) 22. Rxe4 $14 Rxe4 23. Nxe4 d5 24. Nf6+ (24. Qxa6 $5 dxe4 25. Nd2 $11) 24... Nxf6 25. Qxa6 Nd7 26. Rc1 (26. Ne5 $5) 26... Bd6 (26... c5 $11 {feels stronger.}) 27. Be3 $14 Nb8 28. Qd3 Qd7 29. Bc5 Bf4 (29... Bxc5 $142 30. Rxc5 Re8) 30. Ra1 ({White should try} 30. Rc2) 30... Re8 $16 31. a4 Qc8 32. Bd4 Bd6 33. Qc3 (33. b5 $16) 33... f6 (33... Na6 $14) 34. Bc5 Bf4 35. Bd4 Bd6 36. Rb1 Qa6 37. Qc2 Qe2 38. Qc3 Qa6 $1 39. Qb3 Qb7 40. b5 Re4 (40... Nd7 $16 {was worth a try.} 41. b6 Ra8) 41. Rc1 $18 Kh8 42. Qc3 (42. g3 $18) 42... c5 {[%emt 0:03:18] [#]} (42... cxb5 $16 {was called for.} 43. Qc8+ Qxc8 44. Rxc8+ Kh7) 43. Bxf6 (43. Bxc5 $1 $18 Rc4 44. Bxd6 Rxc3 45. Rxc3) 43... Rc4 $2 (43... d4 $1 $14 44. Nxd4 Rf4) 44. Qe3 Rxc1+ (44... gxf6 $142 45. Rxc4 (45. Qxh6+ Kg8 $16) 45... dxc4) 45. Qxc1 $18 gxf6 46. Qxh6+ Kg8 47. Qxf6 Qe7 48. Qg6+ Kf8 49. g3 Nd7 50. a5 $2 (50. Ng5 $18 {White wants to mate with Ne6+.} Nf6 51. b6) 50... c4 $2 {[%emt 0:01:17][%mdl 8192] [#]} (50... Qf6 $14 51. Qg4 Ke7) 51. Nd4 $2 (51. Ng5 $1 $18 {[%cal Rg5e6] Ne6+ would kill now.} Nf6 52. b6) 51... Nf6 $2 ({Black should play} 51... Qe1+ $14 52. Kg2 Qe4+ 53. Qxe4 dxe4) 52. b6 $18 Bc5 53. b7 $1 Bd6 (53... Ba7 $18 54. Kg2 Qe4+ 55. Qxe4 Nxe4) 54. a6 Bb8 55. Nc6 Qe1+ 56. Kg2 Ne4 57. Qf5+ (57. Nxb8 Qxf2+ 58. Kh1 Nxg3+ $11) 57... Kg7 58. Nxb8 Nd2 59. Nd7 ({Inferior is} 59. Qxd5 Qf1+ 60. Kh2 Qxf2+ 61. Kh1 (61. Qg2 $2 {leads to mate.} Nf3+ 62. Kh1 Qe1+) 61... Qe1+ (61... Qxg3 $2 62. Qd4+ Kf7 63. Qd7+ Kf8 64. Qxd2 $18) (61... Qf1+ 62. Kh2 $11) 62. Kg2 Qe2+ (62... Qf1+ 63. Kh2 $11) 63. Kh1 Qf1+ 64. Kh2 Nf3+ $11) 59... Qf1+ 60. Kh2 Qd1 61. Qg4+ ({Weaker is} 61. b8=B Nf3+ 62. Kg2 Ne1+ 63. Kh1 Nf3+ 64. Kg2 Ne1+ 65. Kh2 Nf3+ 66. Kg2 $11) 1-0

[Event "NY Presidents Day IM-B 2024"]
[Site "New York"]
[Date "2024.02.18"]
[Round "6.6"]
[White "Lima, Darcy"]
[Black "Graif, William"]
[Result "1-0"]
[ECO "D02"]
[WhiteElo "2370"]
[BlackElo "2302"]
[Annotator "TA"]
[PlyCount "59"]
[EventDate "2024.02.14"]
[EventType "schev"]
[EventCountry "USA"]
[SourceTitle "playchess.com"]
[Source "ChessBase"]
[SourceQuality "1"]
[TimeControl "5400+30"]

1. Nf3 c5 2. g3 g6 3. c3 Nf6 4. Bg2 d5 5. d4 Bg7 6. O-O O-O 7. dxc5 a5 {[%emt 0:08:41] [#]} 8. c4 $1 Na6 9. Nc3 dxc4 {[%emt 0:02:51] Weiß steht etwas besser.} 10. Qxd8 Rxd8 11. Ne5 Nxc5 12. Be3 Nfe4 13. Nxe4 Nxe4 14. Nxc4 Bf5 (14... Nd6 $11 {bleibt in der Remisbreite.} 15. Nb6 Rb8) 15. Nb6 Ra6 {[%emt 0:13:55] [#]} 16. g4 $1 $36 {[%emt 0:20:22][%cal Bg3g4,Bg4f5][%mdl 2592] Droht stark Rad1. Weiss ist am Drücker.} Nd2 (16... Bd4 17. Bxd4) 17. gxf5 Nxf1 18. Kxf1 Bd4 19. Nc4 {[%emt 0:01:38] Zielt auf Rd1 ab.} (19. Bxb7 $2 {zu gefräßig.} Rxb6 20. Rd1 Rxb2 $19 (20... Rxb7 $2 21. Rxd4 Rxd4 22. Bxd4 $19)) 19... Bxe3 20. Nxe3 gxf5 21. Nxf5 Rd2 $2 {[%emt 0:02:46] Das kostet Schwarz die Partie.} (21... e6 $16 {war nötig.}) 22. Rc1 $18 ({Finger weg von} 22. Nxe7+ Kf8 $18) 22... Ra8 {[%emt 0:04:09] Gegen Rc8+ gerichtet.} 23. Bxb7 Rb8 24. Nxe7+ Kg7 25. Rc7 Rxb2 26. Bd5 Rd2 27. Nf5+ Kg6 28. Ne3 (28. Bxf7+ Kxf5 29. Bb3 Re8 $11) 28... f5 29. f4 Rbb2 30. Rc6+ {[%emt 0:00:36] Gewichteter Fehlerwert: Weiß=0.00 (makellos) /Schwarz=0.59.  Verlustzug:     	---       	Schwarz=1     Fehler:       	---       	Schwarz=1     Ungenau:       	---       	Schwarz=1     OK:         	Weiß=13    	Schwarz=9     Bester:       	Weiß=2     	Schwarz=1     Brilliant:      	Weiß=1     	---} 1-0

[Event "NY Presidents Day IM-B 2024"]
[Site "New York"]
[Date "2024.02.19"]
[Round "7.1"]
[White "Xu, Grant"]
[Black "Sun, Ryan"]
[Result "0-1"]
[ECO "C22"]
[WhiteElo "2313"]
[BlackElo "2217"]
[Annotator "TA"]
[PlyCount "160"]
[EventDate "2024.02.14"]
[EventType "schev"]
[EventCountry "USA"]
[SourceTitle "playchess.com"]
[Source "ChessBase"]
[SourceQuality "1"]
[TimeControl "5400+30"]

1. e4 e5 2. d4 exd4 3. Qxd4 Nc6 4. Qe3 Nf6 5. Bd2 Be7 6. Nc3 d5 7. exd5 Nxd5 8. Nxd5 Qxd5 9. Ne2 Bf5 10. Nf4 Qc5 11. Qxc5 {[%emt 0:05:36] Die Stellung ist ausgeglichen.} Bxc5 12. Bd3 Bxd3 13. Nxd3 Bd4 14. c3 Bf6 15. O-O-O O-O-O 16. Be3 Rhe8 17. g4 Ne5 18. Nxe5 Bxe5 19. h4 (19. Bxa7 $2 b6 20. h4 Bd6 $19) 19... h5 20. gxh5 Rh8 21. h6 (21. Bxa7 $2 Rxd1+ 22. Rxd1 b6 $19) 21... gxh6 22. h5 (22. Bxa7 $2 {verliert.} b6 23. Rxd8+ Rxd8 $19) 22... a6 23. Rde1 Bf6 24. Kc2 Rd5 25. Rh3 Bg5 26. Bd4 Rhd8 27. b4 b6 28. Rf3 c5 29. bxc5 bxc5 30. Bg7 R8d7 (30... f5 $11) 31. Re5 Rd2+ 32. Kb3 {[%emt 0:00:25][%cal Oe5g5] Und Rxg5! würde nun gewinnen.} c4+ 33. Kxc4 Be7 {[%emt 0:00:10] [#]} (33... Rxa2 $16 34. Bf6 Rc7+ 35. Kb3 Bxf6) 34. a3 $1 $18 ({Und nicht} 34. Rxf7 Rc7+ 35. Kb3 Rb7+ 36. Kc4 Rc7+ 37. Kb3 Rb7+ 38. Kc4 Rc7+ $11) 34... Rc7+ 35. Kb3 Rb7+ 36. Ka4 Ra2 {[%emt 0:00:21][%csl Ge7][%cal Ra2a3] [#]} 37. Rxe7 $1 Rxe7 $11 38. Bxh6 $18 {[%emt 0:00:04][%mdl 4096] Endspiel. KRR-KRB} Rb2 {[%emt 0:01:54] ...Re4+ ist eine echte Drohung.} 39. Bg7 Re4+ 40. Bd4 Rh4 {[%emt 0:00:17] Gegen Rh3 gerichtet.} 41. Rxf7 Rxh5 42. f4 Rbb5 43. Re7 Ra5+ 44. Kb3 Rhb5+ 45. Ka2 Rh5 46. Be5 Rb5 47. a4 Rb6 48. Rc7+ Kd8 49. Ra7 {[%emt 0:01:46] Und jetzt Bc7+ wäre schön.} Kc8 50. Bd4 Rh2+ 51. Ka3 Rb1 52. Rxa6 Rhb2 53. c4 Rd2 54. Be5 Rd3+ 55. Ka2 Rc1 56. Rc6+ Kd7 57. Rc7+ Kd8 58. Rc5 Rf3 59. Kb2 Rg1 60. Rd5+ Kc8 61. Rd2 Kb7 62. Rc2 Kc6 63. c5 Rg8 64. Bd6 Ra8 65. Rc4 Kd5 66. Rb4 Ra7 67. Rb3 Rf1 68. Rd3+ Kc6 69. Rd4 Rf3 70. Ka2 Rh7 71. Rb4 Rh2+ {[%emt 0:00:32][%mdl 1024] Schwarz hat Kompensation.} 72. Rb2 Rhh3 73. Rb4 Kd5 74. a5 Ra3+ 75. Kb2 Rxa5 76. Rb3 Rh2+ 77. Kc3 Ra4 {[%emt 0:00:18] ( -> ...Rc4+)} 78. Rb1 $2 (78. Rb2 $15 Rc4+ 79. Kb3 Rh3+ 80. Ka2 Ra4+ 81. Kb1) 78... Rh3+ {[%emt 0:00:13] Schwarz setzt Matt.} 79. Kb2 Rb4+ 80. Ka2 Rh2+ {[%emt 0:00:05] Nie zu früh aufgeben!   Gewichteter Fehlerwert: Weiß=0.09 (makellos) /Schwarz=0.09 (makellos) .  Verlustzug:     	Weiß=1     	---        Gewinn verpasst:   	Weiß=1     	---        Fehler:       	---       	Schwarz=2     Ungenau:       	Weiß=3     	Schwarz=4     OK:         	Weiß=29    	Schwarz=33    Bester:       	Weiß=6     	Schwarz=3     Stark:        	Weiß=1     	---} 0-1

[Event "NY Presidents Day IM-B 2024"]
[Site "New York"]
[Date "2024.02.19"]
[Round "7.2"]
[White "Poliannikov, Danila"]
[Black "Lee, Megan"]
[Result "1-0"]
[ECO "B70"]
[WhiteElo "2282"]
[BlackElo "2267"]
[Annotator "TA"]
[PlyCount "115"]
[EventDate "2024.02.14"]
[EventType "schev"]
[EventCountry "USA"]
[SourceTitle "playchess.com"]
[Source "ChessBase"]
[SourceQuality "1"]
[TimeControl "5400+30"]

1. e4 c5 2. Nf3 d6 3. d4 cxd4 4. Nxd4 Nf6 5. Nc3 Nc6 6. g3 g6 7. Nxc6 bxc6 8. Bg2 Qc7 9. b3 Bg7 10. Bb2 Ba6 11. Qd2 O-O 12. O-O-O Rad8 13. f4 e5 14. Kb1 Rfe8 15. Rhe1 Bh6 16. Qf2 Ng4 17. Qg1 exf4 18. gxf4 Bxf4 19. Bf1 Bc8 20. Bh3 (20. Be2 $1 $15 Be3 (20... Nxh2 21. Qg2 $11) (20... Bxh2 21. Qg2 $16) 21. Qg2 Nf2) 20... Ne5 (20... Bxh2 21. Qg2 $18) ({Black should play} 20... Nf6 $17 21. Bg2 Be5) 21. Bxc8 Rxc8 22. Rf1 Bh6 23. Rf6 Rcd8 24. Qd4 Bf8 25. Ba3 (25. h3 $142) 25... Re6 ({Better is} 25... Qb6 26. Rf4 Qxd4 27. Rxd4 Bg7 28. Rxd6 Nc4 29. bxc4 Bxc3) 26. Rxe6 $17 fxe6 27. Ne2 Nf7 28. Bb2 d5 29. Qf6 e5 (29... dxe4 30. Rf1 $15) (29... Qxh2 30. Nf4 Qf2 31. Rh1 $16) 30. exd5 cxd5 31. Nc3 d4 32. Ne4 Bg7 33. Qe6 Qd7 34. Qxd7 Rxd7 35. c4 (35. c3 $15) 35... Nd6 $1 $17 36. Nxd6 (36. Nd2 $17) 36... Rxd6 $19 37. c5 Rc6 (37... Rd8 $19 {Hoping for ...Kf7.} 38. c6 Rc8) 38. b4 $17 Kf7 39. Re1 g5 40. Kc2 {[%emt 0:00:52] [#]} Rf6 (40... e4 $1 $17 {Strongly threatening ...d3+.} 41. Kd2 (41. Rxe4 $2 d3+ 42. Kxd3 Bxb2 $19) 41... Re6) 41. b5 $11 Rf2+ 42. Kb3 d3 (42... Rxh2 $6 43. a4 $18 (43. c6 Rh3+ 44. Ka4 Ke7 $16)) (42... Rf3+ $11 43. Ka4 (43. Kc4 Rf2 $11) 43... Ke7 (43... Rf2 44. c6 $11)) 43. c6 $16 Ke6 44. Rd1 (44. Bc3 $16) 44... Rxh2 45. a4 (45. Rxd3 $2 e4 $19) 45... Rc2 $2 (45... Rxb2+ $1 $11 46. Kxb2 e4+ 47. Kb1 Be5) 46. Bc3 $1 $18 (46. Rxd3 $2 Rxb2+ (46... e4 47. Rd6+ Kxd6 48. Ba3+ Kc7 49. Kxc2 $19) 47. Ka3 (47. Kxb2 $2 e4+ 48. Kc2 exd3+ $19) 47... e4 $19 (47... Rc2 $2 48. Rd7 $19)) 46... Rxc3+ 47. Kxc3 e4+ 48. Kc4 Kd6 49. a5 g4 $2 (49... Be5 $16 {is tougher.}) 50. a6 $18 Kc7 (50... h5 $2 51. b6 axb6 52. a7 $18) 51. Kd5 Bc3 52. Kxe4 $2 (52. b6+ Kxb6 53. Kd6 (53. Kxe4 d2 $11) (53. Rb1+ Kc7 $11) 53... Be5+ 54. Kxe5 Kxc6 55. Rb1 (55. Kxe4 h5 $18)) 52... d2 $18 53. Kf4 $2 ({White must play} 53. Kd3 $18 Ba5 54. Ke2) 53... Ba5 $2 (53... h5 $11) 54. Kxg4 $18 Kb6 {[%emt 0:00:00] [#]} 55. Rb1 $1 Kc5 56. Kf3 d1=Q+ 57. Rxd1 Kxb5 58. Rd5+ 1-0

[Event "NY Presidents Day IM-B 2024"]
[Site "New York"]
[Date "2024.02.19"]
[Round "7.3"]
[White "Wongso, Steve"]
[Black "Rajesh, C.S."]
[Result "0-1"]
[ECO "B47"]
[WhiteElo "2229"]
[BlackElo "2218"]
[Annotator "TA"]
[PlyCount "108"]
[EventDate "2024.02.14"]
[EventType "schev"]
[EventCountry "USA"]
[SourceTitle "playchess.com"]
[Source "ChessBase"]
[SourceQuality "1"]
[TimeControl "5400+30"]

1. e4 c5 2. Nf3 e6 3. d4 cxd4 4. Nxd4 Nc6 5. Nc3 Qc7 6. g4 a6 7. Be3 b5 8. Nxc6 {[%emt 0:05:20] Die Stellung ist ausgeglichen.} Qxc6 9. f3 b4 10. Ne2 Bb7 11. Qd2 d5 12. Nd4 Qc7 13. exd5 Bxd5 14. Bg2 (14. Be2 $15 {verdient Beachtung.}) 14... Nf6 15. g5 Nd7 {[%emt 0:00:41] Schwarz steht aktiver.} 16. f4 Nb6 17. Bxd5 Nxd5 18. Ne2 (18. O-O-O $15) 18... Nxe3 19. Qxe3 Rd8 (19... Qxc2 20. Rc1 Qf5 (20... Qxb2 21. Qf3 $11) 21. Qf3 $11) 20. Rd1 Rxd1+ ({Ein No Go ist} 20... Qxc2 21. Rxd8+ Kxd8 22. O-O $11) 21. Kxd1 Bc5 22. Qe4 O-O 23. Kc1 Qa5 24. Kb1 Rd8 25. Nc1 Rd5 26. h4 Qd8 27. Nd3 Bf8 28. h5 (28. Nxb4 $2 {wird mattgesetzt.} Rd1+ 29. Rxd1 Qxd1#) 28... Rd4 29. Qe3 Qd5 30. Re1 a5 31. Qg3 a4 32. g6 (32. b3 $11 {hält das Gleichgewicht.}) 32... Qxh5 $17 {[%emt 0:02:21] Die Straße ins Nirgendwo für Weiß.} 33. gxf7+ ({Besser ist} 33. Qe3 Rd5 34. gxf7+ Qxf7 35. Qb6) 33... Qxf7 34. Qe3 Qf6 35. Qxe6+ (35. Qh3 $17) 35... Qxe6 $19 36. Rxe6 $17 {[%emt 0:00:04][%mdl 4096] Endspiel. [#] KRB-KRN} Bd6 $1 37. Kc1 (37. Re8+ $142 Kf7 38. Ra8) 37... Bxf4+ $19 38. Nxf4 Rxf4 {[%emt 0:00:02] KR-KR} 39. Ra6 (39. Re5 $142) 39... h5 40. Rxa4 h4 41. Ra5 Kh7 {[%emt 0:00:33] Und jetzt ...Kg6 wäre schön.} 42. Rh5+ (42. a4 $142 Rf6 43. Rg5) 42... Kg6 43. Rh8 Kf5 44. Kd2 g5 {[%emt 0:00:53] Zielt auf ...Kg4 ab.} 45. c3 Kg4 46. cxb4 Rxb4 47. Kc3 Ra4 48. Kb3 Ra7 {[%emt 0:00:48] Droht ...h3 und aus.} 49. a4 h3 50. Kb4 Kg3 {[%emt 0:00:12] Weiss muss nun ...h2 beachten.} 51. a5 h2 52. Ka4 {[%emt 0:00:40] [#]} Ra8 $3 53. Rxa8 h1=Q (53... h1=R $2 {ist das falsche Schlagen.} 54. a6 $18) 54. Rb8 Qa1+ {[%emt 0:00:11] Gewichteter Fehlerwert: Weiß=0.58/Schwarz=0.07 (makellos) .  Fehler:       	Weiß=8     	---        Ungenau:       	Weiß=2     	Schwarz=2     OK:         	Weiß=17    	Schwarz=15    Bester:       	Weiß=1     	Schwarz=3     Stark:        	---       	Schwarz=1} 0-1